 Dungeon Crawl Stone Soup version 0.16-a0-3873-g452e4d5 (webtiles) character file.

62 PolkaDot the Caller (level 3, 0/26 HPs)
             Began as a Vampire Summoner on Feb 1, 2015.
             Slain by an orc wizard
             ... wielding a +0 dagger
              (1 damage)
             ... on level 3 of the Dungeon.
             The game lasted 00:07:23 (2388 turns).

PolkaDot the Caller (Vampire Summoner)              Turns: 2388, Time: 00:07:24

Health: 0/26       AC:  7    Str:  7    XL:     3   Next: 85%
Magic:  3/6        EV: 15    Int: 18    God:
Gold:   229        SH:  0    Dex: 19    Spells: 3 memorised, 0 levels left

rFire  . . .     SeeInvis +     m - +0 rapier
rCold  . . .     Clarity  .     k - +2 ring mail {rPois}
rNeg   . . .     SustAb   .     (no shield)
rPois  +         Gourm    .     (no helmet)
rElec  .         Spirit   .     (no cloak)
rCorr  .         Warding  .     (no gloves)
rMut   .         Stasis   .     (no boots)
MR     .....                    (no amulet)
Stlth  +++.......               (no ring)
                                (no ring)

@: agile, very slightly contaminated, regenerating quickly, hasted, very quick,
not resistant to hostile enchantments, fairly stealthy
A: bottle blood, fangs 3, see invisible, unbreathing
a: no special abilities


You were on level 3 of the Dungeon.
You were very full.

You visited 1 branch of the dungeon, and saw 3 of its levels.

You collected 229 gold pieces.

Inventory:

Hand weapons
 m - a +0 rapier (weapon)
Armour
 a - a +0 robe
 k - a +2 ring mail of poison resistance (worn)
Scrolls
 c - a scroll of blinking
 d - a scroll of teleportation
 e - a scroll of fear {unknown}
 g - a scroll of enchant armour
 h - a scroll of remove curse
 j - a scroll of magic mapping {unknown}
Potions
 f - 2 potions of flight
 l - a potion of heal wounds
Books
 b - a book of Callings

   Spells                             Type                      Level
   a - Summon Small Mammal            Summoning                    1
   b - Call Imp                       Summoning                    2
   c - Call Canine Familiar           Summoning                    3
   d - Summon Guardian Golem          Hexes/Summoning              4
   e - Summon Lightning Spire         Summoning/Air                4
   f - Summon Ice Beast               Ice/Summoning                4


   Skills:
 - Level 1.0 Fighting
 + Level 1.0 Short Blades
 - Level 2.1 Dodging
 - Level 3.0 Stealth
 - Level 2.0 Spellcasting
 * Level 5.1 Summonings


You couldn't memorise any spells.
You knew the following spells:

 Your Spells              Type           Power        Failure   Level  Hunger
d - Call Canine Familiar  Summ           ###.....     24%         3    ###....
s - Call Imp              Summ           ###.....     14%         2    ###....
z - Summon Small Mammal   Summ           ###.         10%         1    #......


Dungeon Overview and Level Annotations

Branches:
Dungeon (3/15)

Altars:
Cheibriados
Dithmenos
Makhleb
Ru
Vehumet

Annotations:
D:3 lennard's ghost, weakling OpWn


Innate Abilities, Weirdness & Mutations

Your natural rate of healing is unusually fast.
You can bottle blood from corpses.
You have razor-sharp teeth.
You have supernaturally acute eyesight.
You can survive without breathing.


Message History

Your hound barely misses the orc wizard.
The gnoll hits you but does no damage.
The orc wizard hits you but does no damage.
You barely miss the orc wizard.
You bite the orc wizard, but do no damage.
The orc wizard is almost dead.
The orc wizard closely misses you.
Your hound bites the orc wizard.
The orc wizard hits you with a dagger.
* * * LOW HITPOINT WARNING * * *
The orc wizard hits you but does no damage.
The gnoll misses you.
You hit the orc wizard.
The orc wizard is almost dead.
The orc wizard is no longer moving quickly.
Your hound barely misses the orc wizard.
The orc wizard points at you and mumbles some strange words.
The magic dart hits you!
* * * LOW HITPOINT WARNING * * *
The orc wizard hits you with a dagger.
You die...

#............... ......
#................ #...
.####.....(.........# ##...
....................#####....
######..=...%................
#####......................
##........#####..##........#
#...).)...ho###..#.........#
##........#@ogg.............
###############..#...........
##...... #...............
##........ #.#.#......#.#.)
#.......... ...#........###..
#..........
#####........##...
#.......... ....#..........
#........... .>...#..####...
#.ยง......... ....#### #...


You could see 2 orc wizards, a gnoll, a goblin and a friendly hound.

Vanquished Creatures
  An adder (D:2)
  An orc (D:3)
  A ball python (D:2)
  2 giant cockroaches (D:2)
  5 hobgoblins
  A jackal (D:2)
  6 kobolds
  2 bats
  A giant gecko (D:2)
  3 giant newts
  3 goblins
  7 rats
33 creatures vanquished.

Vanquished Creatures (collateral kills)
  Terence (D:3)
  2 giant geckos (D:1)
  An orc (D:3)
  A bat (D:2)
  A goblin (D:1)
  3 hobgoblins
  2 kobolds
  A giant newt (D:2)
12 creatures vanquished.

Vanquished Creatures (others)
  A shadow imp (D:3)
  A bat (D:2)
  A rat (D:2)
3 creatures vanquished.

Grand Total: 48 creatures vanquished

Notes
Turn   | Place    | Note
--------------------------------------------------------------
     0 | D:1      | PolkaDot, the Vampire Summoner, began the quest for the Orb.
     0 | D:1      | Reached XP level 1. HP: 13/13 MP: 3/3
   615 | D:1      | Reached XP level 2. HP: 18/20 MP: 4/4
   802 | D:1      | Reached skill level 1 in Fighting
   883 | D:1      | Learned a level 2 spell: Call Imp
  1112 | D:2      | Found a shadowy altar of Dithmenos.
  1348 | D:2      | Found a sacrificial altar of Ru.
  1355 | D:2      | Found a snail-covered altar of Cheibriados.
  1447 | D:2      | Reached XP level 3. HP: 12/26 MP: 6/6
  1530 | D:2      | Learned a level 3 spell: Call Canine Familiar
  1778 | D:2      | Found a burning altar of Makhleb.
  1778 | D:2      | Found a radiant altar of Vehumet.
  2228 | D:3      | Noticed lennard's ghost (weakling OpWn)
  2250 | D:3      | Noticed Terence
  2261 | D:3      | Killed Terence
  2261 | D:3      | Reached skill level 5 in Summonings
  2336 | D:3      | Reached skill level 1 in Short Blades
  2388 | D:3      | HP: 1/26 [orc wizard/magic dart (9)]
  2388 | D:3      | Slain by an orc wizard

Action                   || total
-------------------------++-------
Melee: Unarmed           ||    17
       Club              ||    27
       Rapier            ||    60
       Dagger            ||    13
 Cast: Summon Small Mamm ||    14
       Call Imp          ||     8
       Call Canine Famil ||     2
 Abil: End Transformatio ||     1
       Bat Form          ||     1
  Use: Potion            ||    10
       Scroll            ||     9
 Stab: Sleeping          ||     2
  Eat: Corpse            ||    11
